 Dungeon Crawl Stone Soup version 0.25-a0-189-gf71692caf1 (webtiles) character file.

Game seed: 15533902392161384958, levelgen mode: deterministic

23 floatRand the Shield-Bearer (level 3, 0/29 HPs)
             Began as a Formicid Fighter on Nov 29, 2019.
             Slain by an adder (2 damage)
             ... on level 2 of the Dungeon.
             The game lasted 00:01:20 (943 turns).

floatRand the Shield-Bearer (Formicid Fighter)       Turns: 943, Time: 00:01:21

Health: 0/29       AC:  6    Str: 20    XL:     3   Next: 10%
Magic:  3/3        EV:  8    Int:  7    God:
Gold:   0          SH:  9    Dex: 11    Spells: 2/2 levels left

rFire    . . .     SeeInvis +   a - +0 war axe
rCold    . . .     Gourm    .   c - +0 shield
rNeg     . . .     Faith    .   b - +0 scale mail
rPois    .         Spirit   .   (helmet unavailable)
rElec    .         Reflect  .   (no cloak)
rCorr    .         Harm     .   (no gloves)
MR       .....                  (no boots)
Stlth    ..........             h - amulet of inaccuracy (curse)
HPRegen  0.09/turn              (no ring)
MPRegen  0.08/turn              (no ring)

@: no status effects
A: permanent stasis, dig shafts and tunnels, four strong arms, antennae 3
a: Dig, Shaft Self


You were on level 2 of the Dungeon.
You were not hungry.

You visited 1 branch of the dungeon, and saw 2 of its levels.

Inventory:

Hand Weapons
 a - a +0 war axe (weapon)
Armour
 b - a +0 scale mail (worn)
 c - a +0 shield (worn)
Jewellery
 e - an uncursed amulet of faith
 h - a cursed amulet of inaccuracy (around neck)
Potions
 d - a potion of might
Comestibles
 f - 3 rations


   Skills:
 + Level 3.6 Fighting
 + Level 2.4 Axes
 + Level 3.6 Armour
 + Level 4.0 Shields


You had 2 spell levels left.
You didn't know any spells.
Your spell library was empty.

Dungeon Overview and Level Annotations

Branches:
Dungeon (2/15)

Altars:


Innate Abilities, Weirdness & Mutations

You cannot be hasted, slowed, berserked, paralysed or teleported.
You can dig through walls and to a lower floor.
Your four strong arms can wield two-handed weapons with a shield.
You have a pair of large antennae on your head. (SInv)


Message History

You miss the adder. The adder bites you but does no damage.
The worker ant bites you.
* * * LOW HITPOINT WARNING * * *
You block the adder's attack. The worker ant closely misses you.
Your shield and scale mail prevent you from hitting the worker ant.
The worker ant is lightly wounded.
You miss the adder. You block the adder's attack.
You block the worker ant's attack. The adder bites you.
* * * LOW HITPOINT WARNING * * *
You block the worker ant's attack.
You slash the worker ant!
The worker ant is severely wounded.
You closely miss the adder. The adder bites you.
* * * LOW HITPOINT WARNING * * *
The worker ant barely misses you. You block the adder's attack.
You block the worker ant's attack.
You closely miss the worker ant.
The worker ant is severely wounded.
You completely miss the adder. The adder bites you.
You die...

.. .#
#####.#
.....#
#...#
#<.# .
#..# ...
##S##
#..###@.#
#$.a###
#####


You could see a worker ant and an adder.

Vanquished Creatures
  A gnoll (D:1)
  A leopard gecko (D:1)
  2 goblins (D:1)
  3 kobolds (D:1)
  2 bats
  2 frilled lizards (D:1)
  A rat (D:1)
12 creatures vanquished.

Notes
Turn   | Place    | Note
-------+----------+-------------------------------------------
     0 | D:1      | floatRand the Formicid Fighter began the quest for the Orb.
     0 | D:1      | Reached XP level 1. HP: 18/18 MP: 1/1
   197 | D:1      | Reached XP level 2. HP: 21/24 MP: 2/2
   723 | D:1      | Reached XP level 3. HP: 29/29 MP: 3/3
   812 | D:1      | Reached skill level 4 in Shields
   943 | D:2      | Slain by an adder

Levels and vault maps discovered:
D:1:      wander_arrival_peaceful_grave, layout_basic
D:2:      layout_loops_cross

Skill      XL: |  1  2  3 |
---------------+----------+-----
Shields        | 4 |  4.0
Fighting       | |  3.6
Axes           | |  2.4
Armour         | |  3.6

Action                   || total
-------------------------++-------
Melee: War axe           ||    75
Armor: Scale mail        ||    42
Dodge: Dodged            ||    41
Block: Shield            ||    61

Table legend:
 A = Non-vault XP
 B = Vault XP
 C = Vault XP percentage of total XP
 D = Non-vault monster count
 E = Vault monster count
 F = Vault count percentage of total count
                 A         B        C        D         E       F
            +---------+---------+-------+---------+---------+-------
      Total |      33 |       0 |   0.0 |      12 |       0 |   0.0
            +---------+---------+-------+---------+---------+-------
        D:1 |      31 |       0 |   0.0 |      11 |       0 |   0.0
        D:2 |       2 |       0 |   0.0 |       1 |       0 |   0.0
            +---------+---------+-------+---------+---------+-------
